 Dungeon Crawl Stone Soup version 0.17-a0-1920-gafa4d75 (webtiles) character file.

114 derrpe the Magician (level 4, -6/36 HPs)
             Began as a Naga Wizard on Sept 27, 2015.
             Mangled by a gnoll
             ... wielding a +0 halberd
              (11 damage)
             ... on level 3 of the Dungeon.
             The game lasted 00:05:39 (2217 turns).

derrpe the Magician (Naga Wizard)                   Turns: 2217, Time: 00:05:39

Health: -6/36      AC:  5    Str:  9    XL:     4   Next: 97%
Magic:  2/9        EV:  9    Int: 25    God:
Gold:   111        SH:  3    Dex:  9    Spells: 4 memorised, 2 levels left

rFire  . . .     SeeInvis +     n - +0 hunting sling
rCold  . . .     Clarity  .     a - +0 robe
rNeg   . . .     SustAt   .     q - +0 buckler {AC+3}
rPois  +         Gourm    .     b - +0 hat
rElec  .         Spirit   .     (no cloak)
rCorr  .         Warding  .     (no gloves)
rMut   .         Stasis   +     (no barding)
MR     .....                    k - amulet of stasis (curse)
Stlth  ++........               (no ring)
                                (no ring)

@: brilliant, very slow, not resistant to hostile enchantments, unstealthy
A: see invisible, deformed body, poison resistance, slowness 2, slow metabolism
1, spit poison 2, AC +1
a: Spit Poison


You were on level 3 of the Dungeon.
You were not hungry.

You visited 1 branch of the dungeon, and saw 3 of its levels.

You collected 111 gold pieces.

Inventory:

Hand weapons
 i - a +0 spear
 n - a +0 hunting sling (weapon)
 s - a +0 short sword
Missiles
 g - 10 sling bullets
 h - 32 stones (quivered)
Armour
 a - a +0 robe (worn)
 b - a +0 hat (worn)
 q - a +0 buckler of protection (worn)
Jewellery
 j - an uncursed amulet of clarity
 k - a cursed amulet of stasis (around neck)
Scrolls
 f - a scroll of teleportation {unknown}
 m - a scroll of identify
 o - a scroll of blinking {unknown}
Potions
 e - a potion of lignification
 p - a potion of brilliance
 r - a potion of flight {unknown}
Books
 c - a book of Minor Magic

   Spells                             Type                      Level
   a - Magic Dart                     Conjuration                  1
   b - Blink                          Translocation                2
   c - Call Imp                       Summoning                    2
   d - Repel Missiles                 Charms/Air                   2
   e - Slow                           Hexes                        2
   f - Conjure Flame                  Conjuration/Fire             3
   g - Mephitic Cloud                 Conjuration/Poison/Air       3
Comestibles
 d - 2 bread rations {@e1}
 l - 2 meat rations {@e2}
 t - a slice of pizza
 u - a chunk of flesh {@w0}


   Skills:
 - Level 1.5 Dodging
 - Level 3.0 Stealth
 - Level 1.1 Shields
 + Level 3.5 Spellcasting
 - Level 2.6 Conjurations
   Level 1.0 Summonings
 - Level 1.0 Translocations
 + Level 1.4 Air Magic
 + Level 2.1 Poison Magic


You had 2 spell levels left.
You knew the following spells:

 Your Spells              Type           Power        Failure   Level  Hunger
a - Magic Dart            Conj           ####         1%          1    None
b - Blink                 Tloc           N/A          1%          2    #......
c - Repel Missiles        Chrm/Air       ###...       1%          2    #......
d - Mephitic Cloud        Conj/Pois/Air  ####....     2%          3    ###....


Dungeon Overview and Level Annotations

Branches:
Dungeon (3/15)

Altars:


Innate Abilities, Weirdness & Mutations

You cannot wear boots.
Your serpentine skin is tough (AC +1).
You have supernaturally acute eyesight.
Armour fits poorly on your strangely shaped body.
Your system is resistant to poisons.
You cover ground very slowly.
You have a slow metabolism.
You can spit poison.


Message History

Casting: Magic Dart
Confirm with . or Enter, or press ? or * to list all spells.
Aiming: Mephitic Cloud
Press: ? - help, Shift-Dir - straight line, f/p - Natasha
Aim: Natasha (severely wounded)
The ball explodes into a vile cloud!
The stinking cloud engulfs Natasha.
Natasha is severely wounded.
The stinking cloud engulfs you!
Natasha is engulfed in noxious fumes.
Natasha appears confused.
The crimson imp blinks!
Unknown command.
Natasha is engulfed in noxious fumes. x2
Natasha appears confused.
You kill Natasha!
Natasha screams in fury as she dies!
Your Poison Magic skill increases to level 2!
The crimson imp disappears in a puff of smoke!
There is an open door here.
The gnoll hits you but does no damage.
The gnoll hits you from afar with a halberd!
You die...

#######.#
#.......#
#.#####.#
#######.#####.#
#.............#
#.#####.#######
#.# #.# #.# #.#
######@# #.#
#.gog..# #.#
#.###### #.#
#.# #.# #####
#o# #.# #...#
#######'#####
#.###.#.#
#.....g.....#
#.......#
#......รท.##.#
#.#...###
#...o....##.#
###.###


You could see 2 gnolls and an orc.

Vanquished Creatures
  Natasha (D:3)
  4 adders
  An ooze (D:2)
  3 worms
  2 orcs (D:3)
  2 giant cockroaches (D:2)
  2 goblins (D:1)
  2 hobgoblins
  2 ball pythons (D:2)
  10 bats
  2 giant geckos
  6 giant newts
  4 kobolds
  A rat (D:1)
42 creatures vanquished.

Notes
Turn   | Place    | Note
--------------------------------------------------------------
     0 | D:1      | derrpe the Naga Wizard began the quest for the Orb.
     0 | D:1      | Reached XP level 1. HP: 15/15 MP: 4/4
   270 | D:1      | Reached XP level 2. HP: 22/22 MP: 0/6
   797 | D:1      | Learned a level 2 spell: Blink
   800 | D:1      | Learned a level 2 spell: Repel Missiles
   988 | D:2      | Reached XP level 3. HP: 19/28 MP: 4/7
  1403 | D:2      | Reached skill level 1 in Shields
  1748 | D:2      | Learned a level 3 spell: Mephitic Cloud
  1814 | D:3      | Reached XP level 4. HP: 16/36 MP: 3/8
  2054 | D:3      | Reached skill level 1 in Air Magic
  2054 | D:3      | Reached skill level 1 in Poison Magic
  2174 | D:3      | Noticed Natasha
  2202 | D:3      | Killed Natasha
  2217 | D:3      | Mangled by a gnoll

Vault maps used:
D:1:      tarquinn_simple_flora_water_d, serial_bayou_pond_c
D:3:      kennysheep_generic_room_15, uniq_natasha, uniq_jessica

Action                   |  1- 3 |  4- 6 || total
-------------------------+-------+-------++-------
 Fire: Hunting sling     |    38 |    13 ||    51
 Cast: Magic Dart        |    50 |    22 ||    72
       Mephitic Cloud    |       |     1 ||     1
 Abil: Spit Poison       |     3 |     4 ||     7
  Use: Scroll            |       |     1 ||     1
       Potion            |       |     1 ||     1
  Eat: Chunk             |     1 |     2 ||     3
